 Dungeon Crawl Stone Soup version 0.20.1-1-g8b1a95d (webtiles) character file.

79 schets the Skirmisher (level 4, 30/30 HPs)
             Began as a Gargoyle Fighter on Dec 4, 2017.
             Quit the game on level 2 of the Dungeon.
             The game lasted 00:02:22 (1505 turns).

schets the Skirmisher (Gargoyle Fighter)            Turns: 1505, Time: 00:02:22

Health: 30/30      AC: 10    Str: 19    XL:     4   Next: 37%
Magic:  4/4        EV:  7    Int: 10    God:
Gold:   58         SH:  9    Dex:  9    Spells: 3/3 levels left

rFire    . . .     SeeInvis .   a - +0 flail
rCold    . . .     Gourm    .   c - +0 shield
rNeg     + . .     Faith    .   b - +0 scale mail
rPois    ∞         Spirit   .   (no helmet)
rElec    +         Reflect  .   (no cloak)
rCorr    .         Harm     .   (no gloves)
MR       .....                  (no boots)
Stlth    ..........             (no amulet)
Regen    0.1/turn               (no ring)
MPRegen  0.1/turn               (no ring)

@: no status effects
A: negative energy resistance 1, electricity resistance, unbreathing,
petrification resistance, rot immunity, AC +3
a: no special abilities


You were on level 2 of the Dungeon.
You were not hungry.

You visited 1 branch of the dungeon, and saw 2 of its levels.

You collected 58 gold pieces.

Inventory:

Hand Weapons
 a - a +0 flail (weapon)
Armour
 b - a +0 scale mail (worn)
 c - a +0 shield (worn)
Scrolls
 e - 2 scrolls of random uselessness {unknown}
 h - 2 scrolls of remove curse {unknown}
 i - 3 scrolls of identify {unknown}
 m - a scroll of blinking {unknown}
 n - 3 scrolls of teleportation {unknown}
Potions
 d - a potion of might
 j - 2 potions of heal wounds {unknown}
 l - 2 potions of lignification {unknown}
 o - a potion of brilliance {unknown}
Comestibles
 f - a bread ration
 g - 5 chunks of flesh
 k - a meat ration


   Skills:
 * Level 4.4 Fighting
 * Level 3.5 Maces & Flails
 - Level 3.2 Armour
 - Level 3.2 Shields


You had 3 spell levels left.
You didn't know any spells.

Dungeon Overview and Level Annotations

Branches:
Dungeon (2/15)

Altars:
Cheibriados


Innate Abilities, Weirdness & Mutations

You are resistant to torment.
Your stone body is resilient. (AC +3)
You are immune to poison.
You resist negative energy. (rN+)
You are resistant to electric shocks. (rElec)
You can survive without breathing.
You are immune to petrification.
You are immune to rotting.


Message History

You closely miss the kobold. The kobold hits you but does no damage.
You hit the kobold.
You kill the kobold!
You hit the ooze.
The ooze is lightly wounded.
The ooze barely misses you. You block the ooze's attack.
You sock the ooze!
You kill the ooze!
No target in view!
No target in view!
No target in view!
No target in view!
You see here a club.
Found a stone staircase leading up.
There is a stone staircase leading up here.
Done exploring.
Done exploring.
Done exploring.
Done exploring.
Are you sure you want to abandon this character and quit the game? (Confirm with "yes".)

............................>####
.#############...##.............#
.# #...####.####.####.# .# #...#
#.# #.# #.# .# #...# #.# #.####.#
.# #...# #.# #......# .# ###
######### #.# ######## .####.#
#..<....# #.# #.....# ......#
#.#.###@# #.# #.###.# #####.#
#.#.# #.# #.# #.# #.# ....#.#
#.#.###.# #.####.# #.# ###.#[#
#.#.....####.#..(.# #.#
###.#.####.##.......#.#.######.#
....#.#.....+.......#.#)#......#
#####.#.#.###....(..#.#.#.######
......#.#...........#.....#
#######.#####.......#.#.#########


There were no monsters in sight!

Vanquished Creatures
  2 adders (D:2)
  2 oozes
  A worm (D:2)
  A dart slug (D:1)
  A leopard gecko (D:2)
  2 giant cockroaches (D:1)
  7 goblins
  3 hobgoblins
  6 jackals (D:2)
  4 kobolds
  7 bats
  7 rats
43 creatures vanquished.

Notes
Turn   | Place    | Note
-------+----------+-------------------------------------------
     0 | D:1      | schets the Gargoyle Fighter began the quest for the Orb.
     0 | D:1      | Reached XP level 1. HP: 14/14 MP: 1/1
   211 | D:1      | Reached XP level 2. HP: 19/19 MP: 2/2
   840 | D:2      | Found a snail-covered altar of Cheibriados.
   849 | D:2      | Reached XP level 3. HP: 24/24 MP: 3/3
   902 | D:2      | Reached skill level 4 in Fighting
  1379 | D:2      | Reached XP level 4. HP: 29/29 MP: 4/4
  1505 | D:2      | Quit the game

Skill      XL: |  1  2  3 |
---------------+----------+-----
Fighting       | 4 |  4.4
Maces & Flails | 3 |  3.5
Armour         | |  3.2
Shields        | |  3.2

Action                   |  1- 3 |  4- 6 || total
-------------------------+-------+-------++-------
Melee: Flail             |   134 |    37 ||   171
  Eat: Chunk             |     2 |       ||     2
Armor: Scale mail        |    84 |    25 ||   109
Dodge: Dodged            |    54 |    14 ||    68
Block: Shield            |    93 |    17 ||   110
